AoeStats
← Sanzo1405

Arabia

509885502Analyzed
1v1 RM · 4d ago on Sep 28, 2026· 52m 9s· 2 players
Game mode
Random Map
Map size
Tiny (2 player)
Population
200
Speed
Normal
Resources
Standard
Victory
Conquest
Starting age
Dark Age
Ending age
Imperial Age
RankedLock teamsTeams togetherTeam positionsShared explorationLock speedFull tech treeHidden civsTurbo modeCheats
Victory
Defeat
🇨🇴 Persians · Colombia
1279
+16
🇪🇸 Bengalis · Spain
1275
-16
Sanzo1405
6:54 Loom
11:32 Feudal Age
15:51 Castle Age
15:39 Double-Bit Axe
22:43 Fletching
24:00 Bloodlines
25:32 Husbandry
25:35 Padded Archer Armor
27:14 Bodkin Arrow
28:18 Scale Mail Armor
29:44 Leather Archer Armor
31:38 Ballistics
32:13 Wheelbarrow
32:58 Town Watch
34:57 Gold Mining
35:32 Hand Cart
35:04 Horse Collar
35:40 Paiks
39:44 Murder Holes
44:33 Imperial Age
43:09 Heavy Plow
43:46 Gold Shaft Mining
43:09 Pikeman
43:50 Squires
43:35 Gambesons
44:03 Forging
45:27 Chain Mail Armor
45:48 Iron Casting
46:12 Crop Rotation
46:33 Conscription
47:28 Chemistry
47:46 Halberdier
ZIZKA
4:40 Loom
6:51 Loom
9:47 Feudal Age
10:12 Double-Bit Axe
13:11 Horse Collar
15:31 Fletching
18:44 Padded Archer Armor
21:41 Castle Age
19:57 Gold Mining
23:43 Scale Barding Armor
25:59 Wheelbarrow
25:30 Town Watch
27:27 Chain Barding Armor
27:21 Bloodlines
28:32 Bodkin Arrow
31:11 Forging
34:50 Husbandry
35:50 Hand Cart
37:53 Iron Casting
38:38 Heavy Plow
38:49 Bow Saw
43:10 Imperial Age
44:06 Plate Barding Armor
43:55 Conscription
43:10 Heavy Camel Rider
46:03 Gold Shaft Mining
45:59 Crop Rotation
47:21 Blast Furnace
48:15 Chemistry
47:36 Ballistics
47:18 Elite Skirmisher
48:31 Padded Archer Armor
49:48 Leather Archer Armor
49:45 Light Cavalry
51:06 Ring Archer Armor
Connection lost

Rejoining the realm…

Still unreachable

The connection could not be restored.

Session expired

The server has moved on; the page needs a fresh start.